 Dungeon Crawl Stone Soup version 0.22-a0-445-g8c8ef71 (webtiles) character file.

417 namelastname112 the Covered (level 6, -8/57 HPs)
             Began as a Deep Dwarf Fighter on June 2, 2018.
             Mangled by an ogre
             ... wielding a +0 giant club
              (14 damage)
             ... on level 4 of the Dungeon.
             The game lasted 00:03:37 (2984 turns).

namelastname112 the Covered (Deep Dwarf Fighter)    Turns: 2984, Time: 00:03:37

Health: -8/57      AC: 10    Str: 22    XL:     6   Next: 61%
Magic:  5/5        EV:  6    Int:  8    God:
Gold:   146        SH: 10    Dex: 12    Spells: 5/5 levels left

rFire    . . .     SeeInvis .   v - +0 hand axe (venom)
rCold    . . .     Gourm    .   c - +0 shield
rNeg     . . .     Faith    .   r - +0 chain mail
rPois    .         Spirit   .   (no helmet)
rElec    .         Reflect  .   (no cloak)
rCorr    .         Harm     .   (no gloves)
MR       .....     Rnd*Tele +   (no boots)
Stlth    ..........             (no amulet)
HPRegen  0.00/turn              h - +1 ring of protection
MPRegen  0.09/turn              t - ring of teleportation (curse)

@: non-regenerating
A: damage resistance, heal wounds, sense surroundings 1, no regeneration
a: Heal Wounds


You were on level 4 of the Dungeon.
You were not hungry.

You visited 1 branch of the dungeon, and saw 4 of its levels.

You collected 146 gold pieces.

Inventory:

Hand Weapons
 a - a +0 war axe
 v - a +0 hand axe of venom (weapon)
Armour
 c - a +0 shield (worn)
 r - a +0 chain mail (worn)
Jewellery
 b - an uncursed ring of stealth {unknown}
 h - a +1 ring of protection (left hand)
 t - a cursed ring of teleportation (right hand)
Scrolls
 e - a scroll of enchant weapon {unknown}
 i - 2 scrolls of amnesia {unknown}
 j - 3 scrolls of identify {unknown}
 k - 3 scrolls of teleportation {unknown}
 l - 4 scrolls of remove curse {unknown}
 m - 2 scrolls of magic mapping {unknown}
 o - a scroll of random uselessness {unknown}
 q - a scroll of immolation {unknown}
 s - a scroll of blinking {unknown}
 u - 2 scrolls of fog {unknown}
Potions
 d - 2 potions of might
 g - a potion of mutation {unknown}
 n - a potion of degeneration {unknown}
 p - 2 potions of curing {unknown}
Comestibles
 f - 5 rations


   Skills:
 + Level 4.1 Fighting
 + Level 4.3 Axes
 + Level 5.0 Armour
 + Level 5.0 Shields


You had 5 spell levels left.
You didn't know any spells.
Your spell library was empty.

Dungeon Overview and Level Annotations

Branches:
Dungeon (4/15)
 Temple: D:4-7

Altars:
Cheibriados
Hepliaklqana
Kikubaaqudgha
Nemelex Xobeh
Ru
Uskayaw
Vehumet
The Shining One


Innate Abilities, Weirdness & Mutations

You are resistant to damage.
You can heal yourself by infusing magical energy.
You passively map a small area around you.
You do not regenerate.


Message History

You kill the quokka!
Things that are here:
a flail; a leather armour
Items here: )) [ † a flail; a ring mail; a whip; an orc corpse You now have 146 gold pieces (gained 8).
Key pressed, stopping explore.
Found a shiny shield.
b - a glass ring You are suddenly yanked towards some nearby monsters!
Your surroundings suddenly seem different.
An ogre comes into view. It is wielding a giant club.
The ogre shouts!
A phantom comes into view.
The giant cockroach bites you but does no damage.
Found 10 gold pieces.
A giant cockroach comes into view.
A giant cockroach comes into view.
You block the phantom's attack. The ogre hits you with a giant club!
You die...

, * , * * , * *
, , * #, ,,, ,
### *, ###
####.## .... #..
.......####...##
#.#
#.#.s.W.....# *
** #.#
#...O@......# ,
#.#.#
#s#######.... ,
, #.#.# # **
**#.#### , *
#.#.# *,*
,*####.##..
#<#.# * , *
(.......# *,,,
#.#.# ,* #....#
,#. #.#.# * **
#.###....
####.#.######
#......#
#...........#*
#.###.##*


You could see a phantom, an ogre and 2 giant cockroaches.

Vanquished Creatures
  An ice beast (D:4)
  A howler monkey (D:3)
  2 hounds
  An orc priest (D:4)
  A worker ant (D:4)
  2 hound skeletons (D:4)
  5 adders
  A shadow imp (D:4)
  An ooze (D:1)
  2 worms
  A dart slug (D:3)
  7 orcs
  3 ball pythons
  11 bats
  5 giant cockroaches
  6 goblins
  5 hobgoblins
  3 jackals (D:4)
  A quokka (D:4)
  7 frilled lizards
  11 kobolds
  4 rats
81 creatures vanquished.

Notes
Turn   | Place    | Note
-------+----------+-------------------------------------------
     0 | D:1      | namelastname112 the Deep Dwarf Fighter began the quest for the Orb.
     0 | D:1      | Reached XP level 1. HP: 20/20 MP: 1/1
   445 | D:1      | Reached XP level 2. HP: 27/27 MP: 2/2
  1126 | D:2      | Reached XP level 3. HP: 29/34 MP: 3/3
  1954 | D:3      | Reached XP level 4. HP: 29/42 MP: 4/4
  2018 | D:3      | Found a sacrificial altar of Ru.
  2414 | D:3      | Reached XP level 5. HP: 26/49 MP: 5/5
  2700 | D:4      | Found a snail-covered altar of Cheibriados.
  2707 | D:4      | Reached XP level 6. HP: 38/57 MP: 5/5
  2707 | D:4      | Noticed an ice beast
  2711 | D:4      | Found a glowing golden altar of the Shining One.
  2711 | D:4      | Found a hide-covered altar of Uskayaw.
  2711 | D:4      | Found a radiant altar of Vehumet.
  2711 | D:4      | Found a sparkling altar of Nemelex Xobeh.
  2718 | D:4      | Killed an ice beast
  2828 | D:4      | Found a hazy altar of Hepliaklqana.
  2931 | D:4      | Reached skill level 5 in Armour
  2947 | D:4      | Found an ancient bone altar of Kikubaaqudgha.
  2952 | D:4      | Reached skill level 5 in Shields
  2984 | D:4      | Mangled by an ogre

Vault maps used:
D:1:      wheals_arrival_linesprint
D:2:      first_ration
D:3:      nicolae_ru_path_of_blood
D:4:      kiku_gazebo_garden_becter, grunt_temple_overflow_open,
          lightli_corner_chamber

Skill      XL: |  1  2  3  4  5  6 |
---------------+-------------------+-----
Fighting       | 3 4 |  4.1
Axes           | 3 4 |  4.3
Armour         | 4 5 |  5.0
Shields        | 4 5 |  5.0

Action                   |  1- 3 |  4- 6 || total
-------------------------+-------+-------++-------
Melee: War axe           |   133 |   112 ||   245
       Hand axe          |       |    49 ||    49
 Abil: Heal Wounds       |       |     1 ||     1
  Eat: Chunk             |     3 |     4 ||     7
Armor: Scale mail        |    80 |     1 ||    81
       Chain mail        |       |   106 ||   106
Dodge: Dodged            |    42 |    40 ||    82
Block: Shield            |    73 |    79 ||   152

Table legend:
 A = Spawn XP
 B = Non-spawn XP
 C = Spawn XP percentage of total XP
 D = Spawn monster count
 E = Non-spawn monster count
 F = Spawn count percentage of total count
 G = Total turns spent on level
                    A         B        C        D         E        F      G
               +---------+---------+-------+---------+---------+-------+---------
         Total |       0 |     597 |   0.0 |       0 |      81 |   0.0 |  2984
               +---------+---------+-------+---------+---------+-------+---------
           D:1 |       0 |      31 |   0.0 |       0 |      15 |   0.0 |  1057
           D:2 |       0 |      63 |   0.0 |       0 |      25 |   0.0 |   857
           D:3 |       0 |     154 |   0.0 |       0 |      18 |   0.0 |   667
           D:4 |       0 |     349 |   0.0 |       0 |      23 |   0.0 |   403
               +---------+---------+-------+---------+---------+-------+---------
